 Dungeon Crawl Stone Soup version 0.30-a0-726-gd89dcf765f (webtiles) character file.

Game seed: 17984216268218006096

65970 demibob the Severer (level 15, -11/145 HPs)
             Began as a Hill Orc Fighter on Jan 30, 2023.
             Was the Champion of Makhleb.
             Mangled by a dire elephant (17 damage)
             ... on level 5 of the Lair of Beasts.
             The game lasted 00:31:40 (15312 turns).

demibob the Severer (Hill Orc Fighter)             Turns: 15312, Time: 00:31:40

Health: -11/145    AC: 26    Str: 24    XL:     15   Next: 18%
Magic:  0/28       EV: 15    Int:  6    God:    Makhleb [******]
Gold:   529        SH:  0    Dex: 14    Spells: 14/14 levels left

rFire   . . .      SeeInvis .    a - +5 broad axe (protect)
rCold   + . .      Faith    .    (no shield)
rNeg    . . .      Spirit   +    c - +4 scale mail {rC+}
rPois   .          Reflect  .    p - +2 hat of the Bear Spirit {Spirit, Bear, *Rage Will++}
rElec   .          Harm     .    d - +0 cloak
rCorr   .          Rampage  .    (no gloves)
Will    +++++      Clarity  +    j - +2 pair of boots Stlth
                                 H - necklace of Bloodlust {Fury *Rage Will++ Int-3 Slay+6}
HPRegen 0.44/turn                Y - +4 ring of slaying
MPRegen 0.21/turn                E - +5 ring of evasion

@: mighty, under a protective aura, studying Dodging, unable to read
A: agile 1, clarity, inability to read after injury 1
a: Renounce Religion, Minor Destruction, Lesser Servant of Makhleb, Major
Destruction, Greater Servant of Makhleb


You were on level 5 of the Lair of Beasts.
You worshipped Makhleb.
Makhleb was exalted by your worship.
You visited 2 branches of the dungeon, and saw 14 of its levels.
You also visited: Sewer, Bailey and Ice Cave.

You collected 1117 gold pieces.
You spent 588 gold pieces at shops.


Innate Abilities, Weirdness & Mutations

You are agile. (Dex +4, Str/Int -1)
You possess an exceptional clarity of mind.
You occasionally lose the ability to read scrolls when taking damage.


   Skills:
 + Level 16.7 Fighting
 - Level 19.9 Axes
 + Level 8.6 Armour
 - Level 3.2 Shields
 - Level 18.6 Invocations


You had 14 spell levels left.
You didn't know any spells.
Your spell library contained the following spells:

 Spells                   Type           Power      Damage    Failure   Level
 Apportation              Tloc           0%         N/A       71%         1
 Beastly Appendage        Tmut           0%         N/A       71%         1
 Kiss of Death            Conj/Necr      0%         2d5       71%         1
 Necrotise                Necr           0%         1d4       71%         1
 Summon Small Mammal      Summ           0%         N/A       71%         1
 Blink                    Tloc           0%         N/A       85%         2
 Lesser Beckoning         Tloc           0%         N/A       85%         2
 Momentum Strike          Conj/Tloc      0%         3d8       85%         2
 Wereblood                Tmut           0%         N/A       85%         2
 Confusing Touch          Hex            0%         N/A       97%         3
 Ignite Poison            Fire/Tmut/Pois 0%         N/A       97%         3
 Inner Flame              Hex/Fire       0%         N/A       97%         3
 Kindle Blastsparks       Fire/Tloc/Air  0%         2d10      97%         3
 Ozocubu's Armour         Ice            0%         N/A       97%         3
 Spider Form              Tmut/Pois      0%         N/A       97%         3
 Animate Dead             Necr           0%         N/A       100%        4
 Cause Fear               Hex            0%         N/A       100%        4
 Dispel Undead            Necr           0%         3d6       100%        4
 Leda's Liquefaction      Hex/Erth       0%         N/A       100%        4
 Freezing Cloud           Conj/Ice/Air   0%         6-21      100%        5
 Lee's Rapid Deconstruct  Erth           0%         3d4*      100%        5
 Statue Form              Tmut/Erth      0%         N/A       100%        6
 Haunt                    Necr/Summ      0%         N/A       100%        7
 Ozocubu's Refrigeration  Ice            0%         4d7       100%        7
 Discord                  Hex            0%         N/A       100%        8
 Infestation              Necr           0%         N/A       100%        8

Inventory:

Hand Weapons
 a - a +5 broad axe of protection (weapon)
 z - a +1 heavy war axe
 S - a +0 battleaxe
Missiles
 I - a throwing net {=f}
Armour
 c - a +4 scale mail of cold resistance (worn)
 d - a +0 cloak (worn)
 j - a +2 pair of boots (worn)
 p - the +2 hat of the Bear Spirit (worn) {Spirit, Bear, *Rage Will++}
   (You found it on level 2 of the Lair of Beasts)

   Bear:      Going berserk makes the wearer tougher, and they're slowed less
   afterward.
   *Rage:     It berserks you when you make melee attacks (+20% chance).
   Will:      It greatly increases your willpower.
Jewellery
 m - an amulet of magic regeneration
 n - a ring of positive energy
 s - an amulet of reflection
 v - a ring of see invisible
 C - the ring "Samidigg" {*Corrode rPois MP+9 Int+3}
   (You found it on level 2 of the Lair of Beasts)

   [ring of magical power]

   Int:       It affects your intelligence (+3).
   rPois:     It protects you from poison.
   MP:        It affects your magic capacity (+9).
   *Corrode:  It may corrode you when you take damage.
 E - a +5 ring of evasion (right hand)
 H - the necklace of Bloodlust (around neck) {Fury *Rage Will++ Int-3 Slay+6}
   (You bought it in a shop on level 4 of the Dungeon)

   [amulet of nothing]

   Fury:      It extends the wearer's berserk rage when killing foes.
   Int:       It affects your intelligence (-3).
   Slay:      It affects your accuracy & damage with ranged weapons and melee
   (+6).
   *Rage:     It berserks you when you make melee attacks (+50% chance).
   Will:      It greatly increases your willpower.
 K - the ring of Gluttony {rElec rPois}
   (You found it in an ice cave)

   [ring of poison resistance]

   rElec:     It insulates you from electricity.
   rPois:     It protects you from poison.
 L - a ring of flight
 N - a ring of positive energy
 O - the amulet of Teadat {RegenMP rElec Will+ Regen+}
   (You found it in an ice cave)

   [amulet of magic regeneration]

   It increases your rate of magic regeneration.
   rElec:     It insulates you from electricity.
   Regen:     It increases your rate of health regeneration.
   Will:      It increases your willpower.
 T - a +4 ring of protection
 Y - a +4 ring of slaying (left hand)
Wands
 b - a wand of flame (12)
 q - a wand of roots (13)
 y - a wand of digging (8)
 P - a wand of mindburst (4)
Scrolls
 e - 9 scrolls of teleportation {@r2}
 h - 4 scrolls of identify {@r1}
 r - a scroll of enchant weapon
 t - 2 scrolls of immolation
 u - 3 scrolls of magic mapping
 x - a scroll of amnesia
 B - 2 scrolls of fear
 J - a scroll of brand weapon
 Q - a scroll of silence {unknown}
Potions
 f - 2 potions of mutation
 g - a potion of degeneration
 i - 4 potions of heal wounds {@q2}
 k - 2 potions of ambrosia
 l - 2 potions of flight
 o - 2 potions of cancellation
 w - 6 potions of curing {@q1}
 A - 2 potions of resistance
 F - a potion of magic
 G - 3 potions of brilliance
Miscellaneous
 M - a phantom mirror (inert)

Dungeon Overview and Level Annotations

Branches:
Dungeon (9/15)             Temple (0/1) D:7            Lair (5/5) D:8
  Swamp (0/4) Lair:3        Snake (0/4) Lair:3        Slime (0/5) Lair:4
  Sewer (visited)          Bailey (visited)           IceCv (visited)
    Orc: D:9-12

Altars:
Ashenzari
Cheibriados
Dithmenos
Fedhas
Gozag
Kikubaaqudgha
Makhleb
Okawaru
Qazlal
Sif Muna
Trog
Uskayaw
Vehumet
Wu Jian
Xom
The Shining One
Jiyva

Shops:
D:4 ((==[   D:5 *   D:7 =

Annotations:
D:8 2 transporters, TheSexyCheese's ghost, novice MiFi
Lair:1 2 transporters
Lair:5 exclusion: obsidian statue

▒...#▒▒▒▒.▒
▒▒#P.'.P▒.▒▒
▒#.'..▒.†▒
▒#▒..▒▒.▒
▒...▒.▒▒▒
▒8.8▒P..▒
▒▒'▒▒▒▒.▒▒
▒▒Y..~▒P.▒
▒@Y~≈~▒▒.▒......#.
▒Y)≈≈~~▒.▒........
▒~≈Z≈~.▒.▒.......#
▒▒~≈≈.▒▒.▒.......#
▒''▒▒▒▒.▒......##
8..8▒▒8.▒.......#
▒...(▒8..'........
▒....▒P⌠.'........
▒.$[.▒8P.'........


You could see 3 dire elephants and a dire elephant simulacrum.


Message History

You slice the dire elephant!!
You kill the dire elephant!
Makhleb accepts your kill.
You feel better.
You slash the dire elephant! You slice the dire elephant!!
You barely miss the dire elephant.
A freezing mist starts to gather...
A dire elephant simulacrum comes into view.
The dire elephant tramples you.
* * * LOW HITPOINT WARNING * * *
You hold your ground!
The dire elephant misses you.
The necromancer gestures wildly while chanting.
The necromancer binds the souls of nearby monsters.
The dire elephant tramples you.
* * * LOW HITPOINT WARNING * * *
You hold your ground!
The dire elephant trunk-slaps you!
* * * LOW HITPOINT WARNING * * *
You slice the dire elephant!!
The dire elephant is almost dead.
You slash the dire elephant! You hit the dire elephant.
The dire elephant closely misses you.
The dire elephant completely misses you. x2
The dire elephant trunk-slaps you but does no damage.
The dire elephant tramples you but does no damage.
The dire elephant barely misses you.
You slice the necromancer like a ripe choko!!!
You kill the necromancer!
Makhleb accepts your kill.
You hear a splash. x2
You slash the dire elephant! You slice the dire elephant!!
You slash the dire elephant! The dire elephant tramples you!!
You die...

Skill      XL: |  1  2  3  4  5  6  7  8  9 10 11 12 13 14 15 |
---------------+----------------------------------------------+-----
Axes           | 3 4 5 6 8 9 10 12 14 16 19 | 19.9
Invocations    | 4 7 10 11 13 16 18 | 18.6
Fighting       | 5 6 10 13 16 | 16.7
Armour         | 4 5 7 8 |  8.6
Shields        | |  3.2

Action                     |  1- 3 |  4- 6 |  7- 9 | 10-12 | 13-15 || total
---------------------------+-------+-------+-------+-------+-------++-------
  Melee: War axe           |    84 |   174 |   237 |   200 |       ||   695
         Punch             |     1 |     2 |     3 |     3 |     7 ||    16
         Broad axe         |       |       |       |   175 |   627 ||   802
 Invoke: Minor Destruction |       |       |     1 |       |       ||     1
         Lesser Servant of |       |       |     1 |     6 |     1 ||     8
         Greater Servant o |       |       |       |       |     1 ||     1
  Evoke: Wand              |       |       |     4 |     7 |     5 ||    16
         Phantom mirror    |       |       |       |       |     3 ||     3
    Use: Potion            |       |    10 |     2 |     4 |     2 ||    18
         Scroll            |       |     2 |     8 |    10 |       ||    20
   Stab: Distracted        |       |       |     1 |     3 |     1 ||     5
         Invisible         |       |       |       |     2 |       ||     2
 Armour: Scale mail        |    38 |    75 |    30 |       |   210 ||   353
         Skin              |       |    41 |    15 |       |       ||    56
         Ring mail         |       |       |    72 |   114 |    58 ||   244
  Dodge: Dodged            |    33 |    90 |    88 |   180 |   307 ||   698
  Block: Other             |       |       |    24 |    51 |       ||    75
         Reflection        |       |       |     4 |     1 |       ||     5

Levels and vault maps discovered:
D:1:      minmay_arrival_plants_in_alcoves, layout_loops_ring,
          minmay_pentomino_x2
D:2:      layout_rooms, basic_ecumenical_altar, serial_shops,
          nicolae_shop_waterfront, uniq_robin, uniq_crazy_yiuf_cottage
D:3:      layout_loops_cross, grunt_dithmenos_smoke_and_mirrors,
          portal_sewer_entry_a, uniq_natasha
D:4:      minmay_chambers_of_threes, layout_loops_ring, serial_shops, shop,
          nicolae_stop_n_shop_1, nicolae_shop_advertising_works
          [nicolae_subvault_shop_adworks], kennysheep_mini,
          nicolae_lakefront_shop
D:5:      layout_loops_corners, amcnicky_altar_gilded, old_standard_altar,
          lemuel_crystal_altar, minmay_shop_damaged, uniq_prince_ribbit1
D:6:      layout_loops_ring, cheibrodos_ashenzari_chains,
          mainiacjoe_overflow_paths, mainiacjoe_overflow_chevrons,
          minmay_manual_mess, uniq_grinder
D:7:      layout_cave_pools, mainiacjoe_overflow_six_doors_small,
          nicolae_qazlal_scattered_showers, tgw_kikubaaqudgha,
          minmay_temple_entry_nine_rooms, serial_shops, nicolae_stop_n_shop_2
D:8:      layout_loops_corners, chequers_temple_overflow_minitemple,
          due_lair_maze_entry_diamond, gammafunk_ghost_berserking_beasts,
          david_defended_altar_orc
D:9:      layout_cave_pods, mainiacjoe_overflow_24_doors, enter_bailey_3,
          grunt_ministairs_3, minivault_22
Lair:1:   gammafunk_boulding_lane, layout_hall_layers, grunt_megastairs_2,
          lemuel_fruit_tree, uniq_erica
Lair:2:   layout_misc_corridors, gammafunk_ghost_cemetery
Lair:3:   layout_long_grid, nicolae_swamp_entry_splash_gauntlet,
          guppyfry_snake_entry_garden, serial_bayou_shore_b
Lair:4:   layout_hall_layers, slime_entry_1, portal_ice_cave_entry_imps,
          uniq_kirke
Lair:5:   due_jungle_book, layout_regular_city, chequers_serial_rivers_micro_e,
          dpeg_oklob_1

Notes
Turn   | Place    | Note
-------+----------+-------------------------------------------
     0 | D:1      | demibob the Hill Orc Fighter began the quest for the Orb.
     0 | D:1      | Reached XP level 1. HP: 19/19 MP: 1/1
    89 | D:1      | Reached skill level 3 in Axes
   186 | D:1      | Reached XP level 2. HP: 21/26 MP: 2/2
   270 | D:1      | Reached skill level 4 in Axes
   327 | D:1      | Reached XP level 3. HP: 31/31 MP: 3/3
   515 | D:1      | Reached skill level 5 in Axes
   903 | D:2      | Reached XP level 4. HP: 31/39 MP: 4/4
   975 | D:2      | Found Tynwaez's Armour Shoppe.
  1095 | D:2      | Noticed Robin
  1103 | D:2      | HP: 4/58 [hobgoblin[Robin] (5)]
  1104 | D:2      | Gained mutation: You possess an exceptional clarity of
                  | mind. [potion of mutation]
  1104 | D:2      | Gained mutation: You occasionally lose the ability to read
                  | scrolls when taking damage. [potion of mutation]
  1104 | D:2      | Gained mutation: You are agile. (Dex +4, Str/Int -1)
                  | [potion of mutation]
  1109 | D:2      | Reached skill level 6 in Axes
  1109 | D:2      | HP: 3/58 [goblin/+0 dagger[Robin] (2)]
  1110 | D:2      | Killed Robin
  1478 | D:2      | Reached XP level 5. HP: 40/45 MP: 5/5
  1480 | D:2      | Reached skill level 7 in Axes
  1556 | D:2      | Found a faded altar of an unknown god.
  1625 | D:2      | Prayed at the altar of an unknown god.
  1625 | D:2      | Became a worshipper of Makhleb the Destroyer
  1625 | D:2      | Reached * piety under Makhleb
  1727 | D:2      | Found a runed translucent door.
  1728 | D:2      | Noticed Crazy Yiuf
  1792 | D:2      | Killed Crazy Yiuf
  1930 | D:3      | Noticed Natasha
  1944 | D:3      | Killed Natasha
  2008 | D:3      | Reached skill level 8 in Axes
  2008 | D:3      | Reached XP level 6. HP: 51/51 MP: 6/6
  2014 | D:3      | Found a glowing drain.
  2030 | Sewer    | Entered a sewer
  2447 | Sewer    | Reached skill level 9 in Axes
  2535 | Sewer    | Reached ** piety under Makhleb
  2599 | Sewer    | HP: 3/51 [kobold brigand/+0 whip (5)]
  2605 | Sewer    | HP: 5/51 [kobold brigand/+0 whip (2)]
  2608 | Sewer    | Reached XP level 7. HP: 9/57 MP: 7/7
  2913 | Sewer    | Reached skill level 10 in Axes
  2913 | Sewer    | Reached skill level 1 in Invocations
  2947 | Sewer    | Reached skill level 2 in Invocations
  2957 | Sewer    | Reached skill level 3 in Invocations
  3271 | D:3      | Found a shadowy altar of Dithmenos.
  3415 | D:3      | Noticed Natasha
  3424 | D:3      | Killed Natasha
  3684 | D:4      | Found Gilemyc's Jewellery Shoppe.
  3703 | D:4      | Found Xohedori's Antique Armour Boutique.
  3817 | D:4      | Found Usoor's Weapon Emporium.
  3830 | D:4      | Reached skill level 4 in Invocations
  4000 | D:4      | Reached XP level 8. HP: 64/64 MP: 11/11
  4058 | D:4      | Found Cibas's Weapon Shoppe.
  4164 | D:4      | Found Udiaper's Jewellery Shoppe.
  4210 | D:4      | Reached skill level 11 in Axes
  4249 | D:4      | Reached skill level 5 in Invocations
  4409 | D:5      | Entered Level 5 of the Dungeon
  4412 | D:5      | Found a shimmering altar of Xom.
  4642 | D:5      | Reached skill level 6 in Invocations
  4758 | D:5      | Identified the +3 whip of Xom's Whim {heavy, Int+4 Stlth+}
  4829 | D:5      | Found a shimmering blue altar of Sif Muna.
  4905 | D:5      | Noticed Prince Ribbit
  4921 | D:5      | Killed Prince Ribbit
  4921 | D:5      | Reached *** piety under Makhleb
  4922 | D:5      | Reached skill level 12 in Axes
  4922 | D:5      | Reached skill level 7 in Invocations
  5022 | D:5      | Found Liogav's Lightly-Used Armoury.
  5126 | D:5      | Found an opulent altar of Gozag.
  5275 | D:5      | Reached XP level 9. HP: 68/69 MP: 14/14
  5310 | D:6      | Noticed Grinder
  5316 | D:6      | Paralysed by Grinder for 3 turns
  5322 | D:6      | Paralysed by Grinder for 5 turns
  5339 | D:6      | Paralysed by Grinder for 4 turns
  5351 | D:6      | Killed Grinder
  5352 | D:6      | Reached skill level 8 in Invocations
  5525 | D:6      | Reached skill level 13 in Axes
  5617 | D:6      | Reached skill level 9 in Invocations
  5804 | D:6      | Found a broken altar of Ashenzari.
  5808 | D:6      | Reached skill level 10 in Invocations
  5812 | D:6      | Reached skill level 14 in Axes
  6047 | D:6      | Found a snail-covered altar of Cheibriados.
  6086 | D:6      | Found a glowing golden altar of the Shining One.
  6102 | D:6      | Reached XP level 10. HP: 71/77 MP: 16/18
  6430 | D:7      | Found a hide-covered altar of Uskayaw.
  6471 | D:7      | Found an ancient bone altar of Kikubaaqudgha.
  6573 | D:7      | Reached skill level 11 in Invocations
  6582 | D:7      | Reached **** piety under Makhleb
  6616 | D:7      | Found a stormy altar of Qazlal.
  6687 | D:7      | Found Sidiopn's Jewellery Shoppe.
  6758 | D:7      | Found a staircase to the Ecumenical Temple.
  7044 | D:8      | Found a transporter.
  7047 | D:8      | Noticed TheSexyCheese's ghost (novice MiFi)
  7049 | D:8      | Noticed a moth of wrath
  7079 | D:8      | Reached skill level 15 in Axes
  7114 | D:8      | Found a staircase to the Lair.
  7341 | D:8      | Reached skill level 16 in Axes
  7450 | D:8      | Found an ornate altar of the Wu Jian Council.
  7450 | D:8      | Found a faded altar of an unknown god.
  7458 | D:8      | Found an iron altar of Okawaru.
  7460 | D:8      | Found a radiant altar of Vehumet.
  7462 | D:8      | Found a blossoming altar of Fedhas.
  7674 | D:8      | Found a burning altar of Makhleb.
  8126 | D:8      | Found a transporter.
  8384 | D:9      | Found a flagged portal.
  8404 | Bailey   | Entered a bailey
  8472 | Bailey   | Reached ***** piety under Makhleb
  8473 | Bailey   | Reached skill level 4 in Fighting
  8546 | Bailey   | Noticed an orc knight
  8563 | Bailey   | Killed an orc knight
  8564 | Bailey   | Reached skill level 4 in Armour
  8569 | Bailey   | Reached skill level 5 in Fighting
  8569 | Bailey   | Reached XP level 11. HP: 48/86 MP: 19/19
  8598 | Bailey   | Identified 2 potions of resistance
  8681 | Bailey   | Noticed an orc warlord
  8697 | Bailey   | Killed an orc warlord
  8698 | Bailey   | Reached skill level 6 in Fighting
  8698 | Bailey   | Reached skill level 5 in Armour
  8727 | Bailey   | Reached skill level 19 in Axes
  8727 | Bailey   | Reached XP level 12. HP: 47/97 MP: 20/20
  8919 | Bailey   | Reached skill level 6 in Armour
  9254 | D:9      | Found a bloodstained altar of Trog.
  9368 | D:9      | Reached skill level 7 in Fighting
  9646 | D:9      | Reached skill level 7 in Armour
  9845 | D:9      | Reached skill level 8 in Fighting
 10151 | D:4      | Bought the necklace of Bloodlust {Fury *Rage Will++ Int-3
                  | Slay+6} for 588 gold pieces
 10151 | D:4      | Found the necklace of Bloodlust {Fury *Rage Will++ Int-3
                  | Slay+6}
 10277 | Lair:1   | Entered Level 1 of the Lair of Beasts
 10279 | Lair:1   | Noticed Erica
 10290 | Lair:1   | Killed Erica
 10560 | Lair:1   | Noticed a death yak
 10560 | Lair:1   | Noticed a death yak
 10560 | Lair:1   | Noticed a death yak
 10572 | Lair:1   | Noticed a death yak
 10575 | Lair:1   | Noticed a death yak
 10587 | Lair:1   | Killed a death yak
 10588 | Lair:1   | Reached skill level 12 in Invocations
 10592 | Lair:1   | Killed a death yak
 10593 | Lair:1   | Reached skill level 9 in Fighting
 10600 | Lair:1   | Killed a death yak
 10605 | Lair:1   | Killed a death yak
 10607 | Lair:1   | Killed a death yak
 10942 | Lair:1   | Found a transporter.
 10944 | Lair:1   | Found a transporter.
 10945 | Lair:1   | Noticed a boulder beetle
 10945 | Lair:1   | Noticed a boulder beetle
 11005 | Lair:1   | Reached skill level 10 in Fighting
 11015 | Lair:1   | Reached skill level 13 in Invocations
 11015 | Lair:1   | Reached XP level 13. HP: 113/113 MP: 22/22
 11421 | Lair:2   | Reached skill level 11 in Fighting
 11428 | Lair:2   | Reached skill level 14 in Invocations
 11540 | Lair:2   | Identified the +0 ring mail "Icoutwaw" {rElec Str+8 Dex-3}
 11795 | Lair:2   | Identified the +6 scimitar of Somewhere Else {flame, +Blink
                  | Will+ Int-3 Dex+4 SInv}
 11920 | Lair:2   | Found a runed translucent gate.
 11920 | Lair:2   | Found a runed translucent gate.
 11920 | Lair:2   | Found a runed translucent gate.
 11920 | Lair:2   | Noticed Hamu's ghost (journeyman DsFE)
 11921 | Lair:2   | Noticed Darkkill's ghost (journeyman MiHu)
 11921 | Lair:2   | Noticed browni3141's ghost (journeyman TrBe)
 11921 | Lair:2   | Noticed Iich's ghost (journeyman MiFi)
 11921 | Lair:2   | Noticed beezmis's ghost (journeyman HOFE)
 11922 | Lair:2   | Found the +2 hat of the Bear Spirit {Spirit, Bear, *Rage
                  | Will++}
 11939 | Lair:2   | Killed Hamu's ghost
 11940 | Lair:2   | Reached skill level 12 in Fighting
 11941 | Lair:2   | Killed Darkkill's ghost
 11944 | Lair:2   | Killed beezmis's ghost
 11945 | Lair:2   | Killed browni3141's ghost
 11946 | Lair:2   | Reached skill level 15 in Invocations
 11952 | Lair:2   | Killed Iich's ghost
 12021 | Lair:2   | Identified the ring "Samidigg" {*Corrode rPois MP+9 Int+3}
 12238 | Lair:3   | Found a staircase to the Snake Pit.
 12294 | Lair:3   | Reached skill level 13 in Fighting
 12494 | Lair:3   | Reached skill level 16 in Invocations
 12664 | Lair:3   | Reached XP level 14. HP: 129/129 MP: 26/26
 12828 | Lair:3   | Found a staircase to the Swamp.
 12984 | Lair:3   | You fall into a shaft and drop 2 floors!
 12984 | Lair:5   | Entered Level 5 of the Lair of Beasts
 13081 | Lair:5   | Reached skill level 14 in Fighting
 13145 | Lair:5   | Reached skill level 17 in Invocations
 13160 | Lair:5   | Reached ****** piety under Makhleb
 13265 | Lair:4   | Found a frozen archway.
 13288 | IceCv    | Entered an ice cave
 13476 | IceCv    | Noticed a quicksilver ooze
 13482 | IceCv    | Killed a quicksilver ooze
 13502 | IceCv    | Reached skill level 15 in Fighting
 13566 | IceCv    | Noticed an azure jelly
 13577 | IceCv    | Killed an azure jelly
 13578 | IceCv    | Found a viscous altar of Jiyva.
 13602 | IceCv    | Identified the ring of Gluttony {rElec rPois}
 13607 | IceCv    | Identified the amulet of Teadat {RegenMP rElec Will+
                  | Regen+}
 13819 | Lair:4   | Reached skill level 18 in Invocations
 14084 | Lair:4   | Found a staircase to the Slime Pits.
 14086 | Lair:4   | Found a viscous altar of Jiyva.
 14178 | Lair:4   | Noticed Kirke
 14200 | Lair:4   | Killed Kirke
 14752 | Lair:5   | Reached skill level 16 in Fighting
 14882 | Lair:5   | Reached XP level 15. HP: 144/144 MP: 28/28
 14911 | Lair:5   | Reached skill level 8 in Armour
 15309 | Lair:5   | HP: 11/145 [dire elephant (11)]
 15312 | Lair:5   | Mangled by a dire elephant

Vanquished Creatures
  Kirke (Lair:4)
  An azure jelly (IceCv)
  An orc warlord (Bailey)
  A quicksilver ooze (IceCv)
  A dire elephant (Lair:5)
  The ghost of beezmis the Protected, a journeyman HOFE of Vehumet (Lair:2)
  Erica (Lair:1)
  A hydra (Lair:5)
  8 death yaks
  A spectral anaconda (Lair:5)
  2 bog bodies (Lair:3)
  An orc knight (Bailey)
  A necromancer (Lair:5)
  30 elephants
  2 dire elephant zombies (Lair:5)
  3 black mambas
  A torpor snail (Lair:5)
  7 cane toads
  3 rime drakes
  9 komodo dragons
  2 polar bears
  Prince Ribbit (D:5)
  A hornet (D:9)
  Grinder (D:6)
  7 dream sheep (Lair:5)
  13 blink frogs
  17 slime creatures (IceCv)
  A vampire (D:9)
  2 wyverns
  2 basilisks
  4 hogs (Lair:4)
  31 yaks
  3 steam dragons
  A death yak simulacrum (Lair:5)
  2 spectral cane toads (Lair:5)
  A naga (Lair:3)
  2 swamp worms (Lair:3)
  18 water moccasins
  12 orc warriors
  4 ice beasts
  3 sky beasts (D:8)
  4 black bears
  2 great orb of eyes simulacra (IceCv)
  An ogre (D:5)
  2 phantoms
  3 wolves (Lair:4)
  4 centaurs
  An elephant skeleton (Lair:5)
  A slime creature simulacrum (IceCv)
  7 kobold brigands
  18 bullfrogs
  4 glowing shapeshifter simulacra (IceCv)
  7 scorpions
  2 cane toad simulacra (Lair:5)
  4 wights (D:8)
  12 killer bees (D:9)
  An elephant simulacrum (Lair:5)
  3 howler monkeys
  An electric eel (Lair:3)
  5 hounds
  2 jellies
  Crazy Yiuf (D:2)
  6 orc priests
  A gnoll bouda (D:7)
  Natasha (twice) (D:3)
  10 orc wizards
  5 hell rats (Lair:3)
  5 shapeshifter simulacra (IceCv)
  Robin (D:2)
  15 gnolls
  8 adders
  A river rat (Sewer)
  13 white imps
  3 worms
  5 dart slugs
  30 orcs
  13 ball pythons
  4 bats
  15 endoplasms
  2 giant cockroaches
  30 goblins
  13 hobgoblins
  15 kobolds
  6 quokkas
  A frilled lizard (D:1)
  12 rats
505 creatures vanquished.

Vanquished Creatures (collateral kills)
  The ghost of browni3141 the Grappler, a journeyman TrBe of Trog (Lair:2)
  The ghost of Iich the Severer, a journeyman MiFi of Gozag (Lair:2)
  The ghost of Hamu the Destroyer, a journeyman DsFE of Vehumet (Lair:2)
  The ghost of Darkkill the Fighter, a journeyman MiHu of Gozag (Lair:2)
  2 hydras
  An ice statue (IceCv)
  A hornet (D:9)
  A slime creature (IceCv)
  A yak (D:8)
  2 water moccasins (D:8)
  A gnoll bouda (D:8)
  6 orcs
19 creatures vanquished.

Vanquished Creatures (others)
  A human (D:7)
  2 bushes (Lair:5)
  65 fungi
  63 plants
  4 withered plants (Lair:5)
135 creatures vanquished.

Grand Total: 659 creatures vanquished

Table legend: (Time is in decaauts)
 A = Elapsed time spent in this place.
 B = Non-inter-level travel time spent in this place.
 C = Inter-level travel time spent in this place.
 D = Time resting spent in this place.
 E = Time spent auto-exploring this place.
 F = Levels seen in this place.
 G = Mean time per level.
                   A        B        C        D        E       F      G
               +--------+--------+--------+--------+--------+-----+--------+
         Total |  15341 |  14671 |    670 |   1117 |  10342 |  17 |  902.4 |
       Dungeon |   8685 |   8208 |    477 |    702 |   5981 |   9 |  965.0 |
          Lair |   4453 |   4260 |    193 |     37 |   3397 |   5 |  890.6 |
         Sewer |   1246 |   1246 |      0 |    244 |    668 |   1 | 1246.0 |
        Bailey |    575 |    575 |      0 |    133 |    219 |   1 |  575.0 |
      Ice Cave |    380 |    380 |      0 |      0 |     77 |   1 |  380.0 |
               +--------+--------+--------+--------+--------+-----+--------+

Top non-repeatable levels by time:
     D:8: 1349 daAuts
   Sewer: 1246 daAuts
     D:6: 1165 daAuts
     D:9: 1152 daAuts
  Lair:1: 1055 daAuts
     D:2: 1012 daAuts
     D:5: 951 daAuts
  Lair:3: 910 daAuts
  Lair:4: 910 daAuts
     D:1: 873 daAuts
  Lair:5: 831 daAuts
     D:3: 775 daAuts
     D:4: 764 daAuts
  Lair:2: 744 daAuts
     D:7: 639 daAuts

Table legend:
 A = Non-vault XP
 B = Vault XP
 C = Vault XP percentage of total XP
 D = Non-vault monster count
 E = Vault monster count
 F = Vault count percentage of total count
                 A         B        C        D         E       F
            +---------+---------+-------+---------+---------+-------
      Total |   54923 |   29803 |  35.2 |     328 |     196 |  37.4
            +---------+---------+-------+---------+---------+-------
        D:1 |      73 |       2 |   2.7 |      28 |       2 |   6.7
        D:2 |      91 |      78 |  46.2 |      13 |      14 |  51.9
        D:3 |     160 |      37 |  18.8 |      24 |       2 |   7.7
        D:4 |     203 |     174 |  46.2 |       8 |      12 |  60.0
        D:5 |     605 |     283 |  31.9 |      11 |       1 |   8.3
        D:6 |    1941 |     462 |  19.2 |      23 |       4 |  14.8
        D:7 |     614 |       0 |   0.0 |      15 |       0 |   0.0
        D:8 |    1512 |    1405 |  48.2 |      31 |      13 |  29.5
        D:9 |    3241 |     367 |  10.2 |      30 |       6 |  16.7
     Lair:1 |    5338 |    1605 |  23.1 |      12 |       3 |  20.0
     Lair:2 |    9198 |    4907 |  34.8 |      34 |       5 |  12.8
     Lair:3 |    8435 |    1922 |  18.6 |      38 |       6 |  13.6
     Lair:4 |    2604 |    2253 |  46.4 |      11 |      17 |  60.7
     Lair:5 |   20446 |    4594 |  18.3 |      49 |      13 |  21.0
      Sewer |       0 |     668 | 100.0 |       0 |      28 | 100.0
     Bailey |       0 |    3182 | 100.0 |       0 |      38 | 100.0
      IceCv |     462 |    7864 |  94.5 |       1 |      32 |  97.0
            +---------+---------+-------+---------+---------+-------
